 Dungeon Crawl Stone Soup version 0.29-a0-96-g93358da72b (webtiles) character file.

Game seed: 13507696694074724063

7 drugrobin the Grasshopper (level 1, 0/17 HPs)
             Began as a Demigod Warper on Feb 11, 2022.
             Slain by a kobold (6 damage)
             ... on level 1 of the Dungeon.
             The game lasted 00:01:14 (148 turns).

drugrobin the Grasshopper (Demigod Warper)           Turns: 148, Time: 00:01:15

Health: 0/17       AC:  3    Str: 12    XL:     1   Next: 66%
Magic:  5/5        EV: 11    Int: 15    God:
Gold:   13         SH:  0    Dex: 13    Spells: 3/3 levels left

rFire   . . .      SeeInvis .   a - +0 spear
rCold   . . .      Faith    .   (no shield)
rNeg    . . .      Spirit   .   b - +0 leather armour
rPois   .          Reflect  .   (no helmet)
rElec   .          Harm     .   (no cloak)
rCorr   .          Rampage  .   (no gloves)
Will    .....                   (no boots)
Stlth   +.........              (no amulet)
HPRegen 0.05/turn               (no ring)
MPRegen 0.09/turn               (no ring)

@: no status effects
A: high MP 1, forlorn, divine attributes
a: no special abilities


You were on level 1 of the Dungeon.
You visited 1 branch of the dungeon, and saw 1 of its levels.

You collected 13 gold pieces.

Inventory:

Hand Weapons
 a - a +0 spear (weapon)
Missiles
 d - 3 boomerangs of dispersal (quivered)
 e - 51 stones
 f - 6 boomerangs
Armour
 b - a +0 leather armour (worn)
Scrolls
 c - a scroll of blinking


   Skills:
 - Level 1.7 Fighting
 + Level 2.3 Polearms
 - Level 0.9 Throwing
 - Level 0.8 Armour
 - Level 1.7 Dodging
 - Level 1.7 Spellcasting
 - Level 2.7 Translocations


You had 3 spell levels left.
You didn't know any spells.
Your spell library contained the following spells:

 Spells                   Type           Power      Damage    Failure   Level
 Blink                    Tloc           18%        N/A       14%         2
 Foxfire                  Conj/Fire      4%         2x1d4     28%         1
 Gell's Gravitas          Tloc           9%         N/A       28%         3
 Lesser Beckoning         Tloc           9%         N/A       28%         3
 Teleport Other           Tloc           9%         N/A       28%         3
 Conjure Flame            Conj/Fire      1%         6-21      65%         3
 Inner Flame              Hex/Fire       1%         N/A       65%         3
 Manifold Assault         Tloc           9%         N/A       95%         5
 Flame Wave               Conj/Fire      1%         2d4       96%         4


Dungeon Overview and Level Annotations

Branches:
Dungeon (1/15)


Innate Abilities, Weirdness & Mutations

You have an increased reservoir of magic. (+10% MP)
You shall have no god before yourself.
Your divine heritage dramatically boosts your attributes as you level up.


Message History

There are no items here.
You hit the goblin.
The goblin is heavily wounded.
The goblin hits you with a +0 club.
You barely miss the goblin.
The goblin is heavily wounded.
The goblin hits you but does no damage.
A kobold comes into view. It is wielding a +0 long sword.
The kobold shouts!
You hit the goblin.
You kill the goblin!
Things that are here:
a +0 club; a goblin corpse The kobold hits you with a +0 long sword.
Things that are here:
a +0 club; a goblin corpse You hit the kobold.
The kobold is heavily wounded.
The kobold hits you with a +0 long sword.
* * * LOW HITPOINT WARNING * * *
You closely miss the kobold.
The kobold is heavily wounded.
The kobold misses you.
Press: ? - help, v - describe, . - travel
Here: a kobold, wielding a +0 long sword and wearing a +0 leather armour (heavily wounded)
The floor.
Throw: 5 boomerangs (disperse)
Press: ? - help, Q - select action, (/) - cycle Shift-Dir - straight line, f - kobold
Aim: a kobold, wielding a +0 long sword and wearing a +0 leather armour (moderately wounded, 47% to hit)
You throw a boomerang of dispersal.
The boomerang of dispersal closely misses the kobold.
The kobold closely misses you.
Unknown command.
Throw: 4 boomerangs (disperse)
Press: ? - help, Q - select action, (/) - cycle Shift-Dir - straight line, f/p - kobold
Aim: a kobold, wielding a +0 long sword and wearing a +0 leather armour (moderately wounded, 47% to hit)
You throw a boomerang of dispersal.
The boomerang of dispersal closely misses the kobold.
The kobold hits you with a +0 long sword.
You die...

.# #.........# .... .#
.###.........# ... ..# .
.............# ... ..####.
.......####..# #.. .......
.......# #..### #.####......
.####..# #....# #.##........
.# #..# #..#.# #.##..>.....
.#
#..####..#.#######...).......
.#
#........#..@K....####..>..##
.####........########.#
#......( .............# #.#
####.... ...)....###..# #.#
.#.. ........# #..# #.# . .
.#####..# #..# #.# #. .#
#..###..# ... .. .# #.......#
#.# . .# #.>.....# #.#


You could see a kobold.

Vanquished Creatures
  An endoplasm (D:1)
  A goblin (D:1)
  A ball python (D:1)
  A frilled lizard (D:1)
  3 kobolds (D:1)
7 creatures vanquished.

Notes
Turn   | Place    | Note
-------+----------+-------------------------------------------
     0 | D:1      | drugrobin the Demigod Warper began the quest for the Orb.
     0 | D:1      | Reached XP level 1. HP: 17/17 MP: 5/5
   148 | D:1      | Slain by a kobold

Illustrated notes

Levels and vault maps discovered:
D:1:      dpeg_arrival_boxorama, layout_loops_cross

Skill      XL: |  1 |
---------------+----+-----
Polearms       | 2 |  2.3
Fighting       | |  1.7
Throwing       | |  0.9
Armour         | |  0.8
Dodging        | |  1.7
Spellcasting   | |  1.7
Translocations | |  2.7

Action                   || total
-------------------------++-------
Melee: Spear             ||    18
       Punch             ||     1
Throw: Boomerang         ||     2
Armor: Leather armour    ||     4
Dodge: Dodged            ||    10

Table legend: (Time is in decaauts)
 A = Elapsed time spent in this place.
 B = Non-inter-level travel time spent in this place.
 C = Inter-level travel time spent in this place.
 D = Time resting spent in this place.
 E = Time spent auto-exploring this place.
 F = Levels seen in this place.
 G = Mean time per level.
                   A        B        C        D        E       F      G
               +--------+--------+--------+--------+--------+-----+--------+
         Total |    148 |    148 |      0 |      0 |     61 |   1 |  148.0 |
       Dungeon |    148 |    148 |      0 |      0 |     61 |   1 |  148.0 |
               +--------+--------+--------+--------+--------+-----+--------+

Top non-repeatable levels by time:
     D:1: 148 daAuts
